Map: Year Zero LE

Players

Starbuck

  • Race: Zerg Zerg
  • Spawn Location: 11:00

Harstem - Winner!

  • Race: Protoss Protoss
  • League: Grandmaster
  • Spawn Location: 1:00

Event: 2019 WCS Winter Europe

VOD

Have the link to the VOD?

Description

Time

  • Played on: Feb. 2, 2019, 9:54 a.m.
  • Length: 7:37

All games in this series

Show
View Real Time Build Order
Export as new Build Order

Starbuck Zerg 

Build Orders: Hatch First 

Get SALT Encoding   

  12  0:00  Drone  
  13  0:13  Overlord  
  13  0:18  Drone  
  14  0:31  Drone x2  
  14  0:35  Drone  
  17  0:53  Hatchery  
  17  0:56  Drone  
  17  0:59  Drone  
  18  1:08  Extractor  
  17  1:15  Spawning Pool  
  17  1:18  Drone  
  17  1:21  Drone  
  18  1:29  Drone  
  19  1:39  Drone  
  20  1:49  Overlord  
  20  2:01  Queen  
  20  2:06  Queen  
  20  2:07  Zergling x2, Drone  
  26  2:10  Metabolic Boost  
  26  2:14  Drone  
  27  2:16  Drone  
  27  2:22  Drone  
  29  2:27  Drone  
  30  2:35  Drone  
  31  2:42  Drone  
  32  2:46  Hatchery, Overlord  
  32  2:49  Zergling x2  
  32  2:56  Queen  
  34  3:01  Drone x2  
  36  3:08  Drone  
  36  3:09  Drone  
  36  3:10  Drone x2  
  36  3:11  Drone  
  41  3:16  Overlord  
  41  3:18  Drone  
  41  3:19  Drone  
  43  3:21  Drone  
  44  3:27  Evolution Chamber  
  44  3:28  Overlord  
  43  3:37  Queen, Drone x2  
  47  3:43  Spore Crawler  
  47  3:45  Queen  
  47  3:47  Drone  
  49  3:49  Drone  
  49  3:53  Zerg Melee Weapons Level 1  
  50  4:00  Drone x2  
  50  4:01  Extractor  
  51  4:06  Baneling Nest  
  51  4:10  Drone x2  
  51  4:14  Zergling x12  
  58  4:21  Overlord  
  58  4:26  Drone  
  59  4:33  Zergling x2  
  59  4:34  Zergling x10  
  65  4:40  Overlord  
  65  4:43  Zergling x2  
  66  4:49  Zergling x6  
  66  4:50  Zergling x6  
  71  4:57  Overlord x2  
  71  5:05  Baneling x6  
  71  5:08  Zergling x6  
  74  5:18  Lair  
  74  5:24  Drone x7  
  74  5:28  Drone  
  81  5:34  Drone x4  
  81  5:35  Drone x3  
  86  5:36  Extractor  
  86  5:41  Drone  
  83  5:50  Overlord  
  83  5:54  Extractor  
  82  5:57  Zergling x6  
  82  5:58  Zergling x6  
  82  6:03  Overlord  
  85  6:05  Extractor  
  85  6:06  Extractor  
  83  6:12  Drone x3  
  83  6:13  Drone x3  
  83  6:18  Hydralisk Den, Zergling x4  
  90  6:22  Zergling x8  
  92  6:29  Zergling x4  
  93  6:33  Queen  
  93  6:35  Zergling x2  
  93  6:36  Zergling x14  
  93  6:39  Baneling x2  
  103  6:40  Baneling  
  103  6:41  Baneling x2  
  103  6:42  Baneling  
  103  6:44  Baneling  
  103  6:46  Baneling x2  
  103  6:47  Baneling x3  
  103  6:48  Zergling x8  
  107  7:00  Zergling x2  
  107  7:01  Zergling x8  
  93  7:04  Zergling x2  
  93  7:05  Zergling x6  
  93  7:08  Zergling x2  
  91  7:09  Baneling x3  
  91  7:13  Zergling x2  
  91  7:15  Zergling x2  
  91  7:16  Zergling x2  
  91  7:18  Zergling x4  
  91  7:20  Zergling x4  
Show
View Real Time Build Order
Export as new Build Order

Harstem Protoss - Winner!

Build Orders: 1 Gate Expand 

Get SALT Encoding   

  12  0:00  Probe  
  13  0:12  Probe  
  14  0:19  Pylon  
  14  0:24  Probe  
  15  0:37  Probe  
  15  0:40  Gateway  
  16  0:47  Assimilator  
  16  0:49  Probe  
  17  1:01  Probe  
  18  1:13  Probe  
  19  1:25  Probe  
  20  1:32  Nexus  
  20  1:37  Cybernetics Core  
  20  1:40  Probe  
  21  1:49  Assimilator  
  21  1:52  Probe  
  22  1:56  Pylon  
  22  2:04  Probe  
  22  2:06  Adept  
  23  2:16  Probe  
  26  2:28  Probe  
  27  2:31  Warp Gate  
  27  2:36  Stalker  
  29  2:38  Probe  
  29  2:40  Probe  
  30  2:46  Probe  
  30  2:48  Probe  
  32  2:53  Twilight Council  
  32  2:54  Probe  
  34  2:58  Probe  
  34  3:01  Robotics Facility  
  35  3:06  Probe  
  35  3:11  Probe  
  37  3:19  Probe  
  38  3:23  Gateway  
  38  3:24  Charge  
  38  3:25  Gateway x2  
  38  3:34  Pylon  
  38  3:35  Probe  
  38  3:37  Probe, Warp Prism  
  40  3:44  Pylon  
  40  3:52  Probe  
  40  3:54  Probe  
  44  3:59  Forge  
  44  4:06  Probe  
  44  4:07  Observer  
  46  4:19  Zealot  
  46  4:20  Zealot x3, Immortal  
  54  4:24  Pylon  
  58  4:33  Protoss Ground Weapons Level 1  
  58  4:44  Nexus  
  58  4:47  Pylon  
  58  4:50  Immortal  
  62  5:02  Sentry  
  62  5:03  Pylon  
  64  5:08  Zealot x2  
  68  5:20  Gateway  
  68  5:21  Zealot  
  68  5:22  Gateway  
  68  5:24  Immortal  
  70  5:29  Zealot  
  73  5:43  Gateway  
  73  5:45  Zealot, Sentry  
  77  5:50  Probe  
  77  5:54  Probe  
  77  5:57  Probe  
  80  6:00  Zealot, Sentry  
  80  6:02  Probe  
  85  6:06  Probe  
  86  6:12  Probe  
  86  6:14  Zealot x2  
  91  6:26  Probe  
  91  6:31  Pylon  
  94  6:39  Sentry  
  94  6:40  Stalker x2  
  94  6:41  Zealot  
  94  6:44  Probe  
  94  6:46  Pylon  
  101  7:00  Zealot x3  
  91  7:06  Zealot x4  
  91  7:08  Probe  
  96  7:09  Probe  
  91  7:19  Probe  
  91  7:20  Probe  
  91  7:21  Probe  
  92  7:22  Zealot x2  
  92  7:23  Zealot  
Tags
 
Add a new tag
Caveats
  • Supply blocks, unpowered buildings, or Contaminate may cause inaccurate times.
  • Supply counts are checked every 10 seconds.